 Dungeon Sprint DCSS version 0.26-a0-1002-g7355149c4d (webtiles) character file.

Game seed: 15813719599932255952

7545 mhtbhm the Eviscerator (level 10, -1/76 HPs)
             Began as a Felid Berserker on Dec 6, 2020.
             Was a Priest of Makhleb.
             Slain by a wind drake (5 damage)
             ... in the Dungeon (Sprint IX: "|||||||||||||||||||||||||||||").
             The game lasted 00:05:27 (3344 turns).

mhtbhm the Eviscerator (Felid Berserker)            Turns: 3344, Time: 00:05:27

Health: -1/76      AC:  4    Str: 16    XL:     10   Next: 96%
Magic:  11/11      EV: 33    Int:  6    God:    Makhleb [***...]
Gold:   349        SH:  0    Dex: 16    Spells: 9/9 levels left
                                        Lives:  0   Deaths: 2

rFire    . . .     SeeInvis +     - Unarmed
rCold    . . .     Faith    .   (shield unavailable)
rNeg     . . .     Spirit   .   (armour unavailable)
rPois    .         Reflect  .   (helmet unavailable)
rElec    .         Harm     .   (cloak unavailable)
rCorr    .         Rampage  .   (gloves unavailable)
Will     +++..     Rnd*Rage +   (boots unavailable) Stlth ..........NoTele +
                                r - necklace of Bloodlust {*Rage +Rage WL++ Int-3 Slay+6 *Curse} (curse)
HPRegen  0.22/turn              j - +2 ring of protection
MPRegen  0.12/turn              s - +4 ring of slaying

@: berserking (expiring), very quick
A: very small, no armour, no weapons or thrown items, stealth, claws 1, fangs 3,
see invisible, speed 1, shaggy fur 2, sharp paws
a: Minor Destruction, Lesser Servant of Makhleb, Renounce Religion, Evoke
Berserk Rage


You were in the Dungeon.
You worshipped Makhleb.
Makhleb was most pleased with you.
You visited 1 branch You collected 1925 gold pieces.
You spent 1576 gold pieces at shops.

Inventory:

Jewellery
 j - a +2 ring of protection (left paw)
 k - an uncursed ring of ice
 r - the cursed necklace of Bloodlust (around neck) {*Rage +Rage WL++ Int-3 Slay+6 *Curse}
   (You bought it in a shop in the Dungeon)

   [amulet of nothing]

   It affects your intelligence (-3).
   It affects your accuracy and damage with ranged weapons and melee attacks
   (+6).
   It affects your willpower, your defense against some magical effects.
   It lets you go berserk.
   It may make you go berserk in combat.
   It curses itself when equipped.
   It has a curse placed upon it.
 s - a +4 ring of slaying (right paw)
 t - an uncursed ring of protection from cold
 u - an uncursed ring of poison resistance
 v - an uncursed ring of protection from fire
Scrolls
 f - 3 scrolls of blinking
 h - 7 scrolls of remove curse
 n - a scroll of identify
 o - 4 scrolls of fog
 p - 2 scrolls of amnesia
Potions
 a - 5 potions of curing
 b - 9 potions of heal wounds
 c - a potion of haste
 d - 4 potions of magic
 e - a potion of berserk rage
 l - 2 potions of might
 m - 2 potions of mutation
 q - a potion of brilliance
 w - 2 potions of resistance


   Skills:
 + Level 10.9 Fighting
 + Level 18.4 Dodging
 + Level 14.6 Stealth
 + Level 21.6 Unarmed Combat
 + Level 0.3 Invocations
 + Level 6.0 Evocations


You had 9 spell levels left.
You didn't know any spells.
Your spell library was empty.

Dungeon Overview and Level Annotations

Branches:
Dungeon (1/1)

Altars:
Cheibriados
Dithmenos
Elyvilon
Fedhas
Gozag
Hepliaklqana
Kikubaaqudgha
Makhleb
Nemelex Xobeh
Okawaru
Qazlal
Ru
Sif Muna
Trog
Uskayaw
Vehumet
Wu Jian
Xom
Yredelemnul
Zin
The Shining One
Beogh
Jiyva
Lugonu

Shops:
D [=}*


Innate Abilities, Weirdness & Mutations

You cannot wear armour.
You are incapable of wielding weapons or throwing items.
Your paws allow you to move quietly. (Stealth)
You have sharp claws.
You have razor-sharp teeth.
You have supernaturally acute eyesight. (SInv)
You cover ground quickly.
You are covered in thick fur. (AC +2)
Your sharp claws are effective at attacking unaware monsters.


Message History

You feel yourself moving faster!
You feel mighty! The wind drake flaps its wings at you.
The air twists around and strikes you!!
The snapping turtle bites you from afar!
* * * LOW HITPOINT WARNING * * *
The wind drake exhales a fierce blast of wind!
You are blown backwards!
You feel a strong urge to attack something.
There is an open door here.
Unknown command.
The wind drake flaps its wings at you. The air twists around and strikes you!
* * * LOW HITPOINT WARNING * * *
You mangle the wind drake!! You bite the wind drake!!
The wind drake is almost dead.
Unknown command.
You completely miss the wind drake.
The wind drake is almost dead.
The wind drake bites you.
You die...

▓▓▓▓▓▓▓▓▓▓▓▓▓▓▓▓▓▓▓▓▓▓▓▓▓▓▓▓▓▓▓
..............................▓
▓▓▓▓▓▓▓▓▓▓▓▓▓▓▓▓▓▓▓▓▓▓▓▓▓▓▓▓▓.▓
mkmmm.tk@'..≈≈≈.......▓
▓▓▓▓▓▓▓▓▓▓▓▓▓▓▓▓▓▓▓▓▓▓▓
▓▓▓▓▓▓▓▓▓▓▓▓▓▓▓▓▓▓▓▓▓
(..†'.†(CCCR((C...Fc+
▓▓▓▓▓▓▓▓▓▓▓▓▓▓▓▓▓▓▓▓▓▓▓▓▓▓▓▓▓▓▓
..............................▓
▓▓▓▓▓▓▓▓▓▓▓▓▓▓▓▓▓▓▓▓▓▓▓▓▓▓▓▓▓.▓
.))[)...∩.∩.∩.∩...))'.........▓


You could see a snapping turtle (corroded), 2 wind drakes, 2 merfolk and a
merfolk siren.

Vanquished Creatures
  A stone giant (D)
  An ettin (D)
  A fire dragon (D)
  Harold (D)
  A boulder beetle (D)
  2 hydras (D)
  A catoblepas (D)
  A merfolk aquamancer (D)
  A two-headed ogre (D)
  A tengu warrior (D)
  An unseen horror (D)
  6 orc knights (D)
  An elephant (D)
  A cyclops (D)
  2 black mambas (D)
  A water nymph (D)
  7 cane toads (D)
  A troll (D)
  6 polar bears (D)
  2 blink frogs (D)
  2 wyverns (D)
  A basilisk (D)
  2 vampire mosquitoes (D)
  A water moccasin (D)
  An acid dragon (D)
  17 orc warriors (D)
  5 black bears (D)
  2 ogres (D)
  3 bullfrogs (D)
  A wight (D)
  A howler monkey (D)
  A quasit (D)
  4 orc wizards (D)
  2 orc priests (D)
  3 worker ants (D)
  An adder (D)
  An adder zombie (D)
  2 dart slugs (D)
  7 orcs (D)
  A bat skeleton (D)
  A bat zombie (D)
  A hobgoblin (D)
  A quokka (D)
  2 kobolds (D)
102 creatures vanquished.

Vanquished Creatures (collateral kills)
  2 orc knights (D)
2 creatures vanquished.

Grand Total: 104 creatures vanquished

Notes
Turn   | Place    | Note
-------+----------+-------------------------------------------
     0 | D        | mhtbhm the Felid Berserker began the quest for the Orb.
     0 | D        | Reached XP level 1. HP: 10/10 MP: 2/2
     8 | D        | Reached ** piety under Trog
    18 | D        | Reached skill level 5 in Dodging
    18 | D        | Reached XP level 2. HP: 9/15 MP: 3/3
   226 | D        | Reached *** piety under Trog
   227 | D        | Reached skill level 4 in Unarmed Combat
   227 | D        | Reached XP level 3. HP: 18/18 MP: 4/4
   232 | D        | Reached skill level 5 in Fighting
   232 | D        | Reached skill level 1 in Stealth
   232 | D        | Reached skill level 5 in Unarmed Combat
   234 | D        | Reached XP level 4. HP: 17/23 MP: 5/5
   236 | D        | Reached **** piety under Trog
   240 | D        | Found a roughly hewn altar of Beogh.
   240 | D        | Found a snail-covered altar of Cheibriados.
   240 | D        | Found a shadowy altar of Dithmenos.
   240 | D        | Found a white marble altar of Elyvilon.
   240 | D        | Found a blossoming altar of Fedhas.
   240 | D        | Found an opulent altar of Gozag.
   241 | D        | Found a hazy altar of Hepliaklqana.
   242 | D        | Found a viscous altar of Jiyva.
   243 | D        | Found an ancient bone altar of Kikubaaqudgha.
   244 | D        | Found a corrupted altar of Lugonu.
   245 | D        | Found a burning altar of Makhleb.
   246 | D        | Found a sparkling altar of Nemelex Xobeh.
   247 | D        | Found an iron altar of Okawaru.
   248 | D        | Found a stormy altar of Qazlal.
   249 | D        | Found a sacrificial altar of Ru.
   250 | D        | Found a shimmering blue altar of Sif Muna.
   251 | D        | Found a bloodstained altar of Trog.
   252 | D        | Found a hide-covered altar of Uskayaw.
   253 | D        | Found a radiant altar of Vehumet.
   254 | D        | Found an ornate altar of the Wu Jian Council.
   255 | D        | Found a shimmering altar of Xom.
   256 | D        | Found a basalt altar of Yredelemnul.
   257 | D        | Found a glowing silver altar of Zin.
   258 | D        | Found a glowing golden altar of the Shining One.
   404 | D        | Noticed a bullfrog
   404 | D        | Noticed a bullfrog
   410 | D        | Killed a bullfrog
   411 | D        | Reached skill level 6 in Unarmed Combat
   415 | D        | Reached skill level 7 in Unarmed Combat
   415 | D        | Reached XP level 5. HP: 27/27 MP: 6/6
   420 | D        | Reached skill level 8 in Unarmed Combat
   422 | D        | Reached ***** piety under Trog
   423 | D        | Gained mutation: You are covered in thick fur. (AC +2)
                  | [Felid growth]
   423 | D        | Reached XP level 6. HP: 33/33 MP: 7/7
   473 | D        | Noticed a seven-headed hydra
   473 | D        | Noticed a troll
   473 | D        | Noticed a vampire mosquito
   473 | D        | Noticed a vampire mosquito
   476 | D        | Reached skill level 10 in Dodging
   476 | D        | Reached skill level 9 in Unarmed Combat
   480 | D        | Killed a seven-headed hydra
   481 | D        | Reached skill level 11 in Unarmed Combat
   481 | D        | Reached skill level 1 in Evocations
   481 | D        | Reached XP level 7. HP: 32/38 MP: 8/8
   481 | D        | Reached XP level 8. HP: 35/42 MP: 9/9
   484 | D        | Killed a troll
   485 | D        | Reached skill level 12 in Unarmed Combat
   734 | D        | Noticed a cane toad
   734 | D        | Noticed a cane toad
   734 | D        | Noticed a seven-headed hydra
   734 | D        | Noticed a black mamba
   740 | D        | Killed a cane toad
   741 | D        | Reached skill level 5 in Stealth
   741 | D        | Reached skill level 13 in Unarmed Combat
   741 | D        | Killed a cane toad
   742 | D        | Reached XP level 9. HP: 46/46 MP: 10/10
   742 | D        | Noticed a black mamba
   742 | D        | Noticed a cane toad
   747 | D        | Killed a seven-headed hydra
   747 | D        | Reached ****** piety under Trog
   748 | D        | Reached skill level 10 in Fighting
   748 | D        | Reached skill level 14 in Unarmed Combat
   753 | D        | Reached skill level 15 in Dodging
  1033 | D        | Killed a black mamba
  1034 | D        | Reached skill level 15 in Unarmed Combat
  1036 | D        | Killed a black mamba
  1039 | D        | Killed a cane toad
  1040 | D        | Reached XP level 10. HP: 51/51 MP: 11/11
  1092 | D        | Noticed a cane toad
  1092 | D        | Noticed a cane toad
  1092 | D        | Noticed a cane toad
  1093 | D        | Noticed an elephant
  1094 | D        | Killed a cane toad
  1095 | D        | Reached skill level 16 in Unarmed Combat
  1096 | D        | Killed a cane toad
  1098 | D        | Noticed a cane toad
  1103 | D        | Killed a cane toad
  1108 | D        | Killed an elephant
  1112 | D        | Reached skill level 17 in Unarmed Combat
  1115 | D        | Killed a cane toad
  1203 | D        | Reached skill level 18 in Unarmed Combat
  1380 | D        | Noticed an ettin
  1393 | D        | Killed an ettin
  1394 | D        | Reached XP level 11. HP: 44/55 MP: 12/12
  1661 | D        | Reached skill level 10 in Stealth
  1674 | D        | Reached skill level 19 in Unarmed Combat
  1674 | D        | HP: 1/55 [orc warrior/+0 trident (15)]
  1676 | D        | Annihilated by an orc warrior
  1677 | D        | Reached XP level 10. HP: -23/51 MP: 11/11
  1927 | D        | Found Cesick's Armour Emporium.
  1927 | D        | Noticed an orc knight
  1927 | D        | Noticed an orc knight
  1927 | D        | Noticed an orc knight
  1927 | D        | Noticed an orc knight
  1930 | D        | Noticed an orc knight
  1935 | D        | Killed an orc knight
  1937 | D        | Killed an orc knight
  1938 | D        | Found Osiclazo's Jewellery Shoppe.
  1938 | D        | Noticed an orc knight
  1941 | D        | Killed an orc knight
  1949 | D        | Killed an orc knight
  1964 | D        | Killed an orc knight
  1968 | D        | Killed an orc knight
  1996 | D        | Reached skill level 20 in Unarmed Combat
  2039 | D        | Noticed an orc knight
  2082 | D        | Killed an orc knight
  2145 | D        | Found Aggyoq's Gadget Emporium.
  2167 | D        | Found Ympuish's General Store.
  2174 | D        | Noticed an orc knight
  2182 | D        | Killed an orc knight
  2183 | D        | Reached XP level 11. HP: 55/55 MP: 12/12
  2493 | D        | Fell from the grace of Trog
  2493 | D        | Became a worshipper of Makhleb the Destroyer
  2791 | D        | Bought the cursed necklace of Bloodlust {*Rage +Rage WL++
                  | Int-3 Slay+6 *Curse} for 562 gold pieces
  2791 | D        | Found the cursed necklace of Bloodlust {*Rage +Rage WL++
                  | Int-3 Slay+6 *Curse}
  2809 | D        | Bought a +4 ring of slaying for 1014 gold pieces
  2859 | D        | Noticed Harold
  2866 | D        | Killed Harold
  2956 | D        | Noticed a boulder beetle
  2956 | D        | Noticed an unseen horror
  2956 | D        | Noticed a tengu warrior
  2957 | D        | Noticed a catoblepas
  2960 | D        | Killed a boulder beetle
  2960 | D        | Reached * piety under Makhleb
  2962 | D        | Noticed a fire dragon
  2966 | D        | Reached skill level 5 in Evocations
  2967 | D        | Killed an unseen horror
  2968 | D        | Noticed a stone giant
  2969 | D        | Noticed a stone giant
  2971 | D        | Killed a tengu warrior
  2971 | D        | Reached ** piety under Makhleb
  2972 | D        | Reached skill level 21 in Unarmed Combat
  2972 | D        | Noticed an ettin
  2974 | D        | Killed a catoblepas
  2975 | D        | Noticed a rakshasa
  2976 | D        | Noticed a two-headed ogre
  2978 | D        | Killed a two-headed ogre
  2979 | D        | Killed a fire dragon
  2983 | D        | Noticed a fire giant
  2986 | D        | Noticed a centaur warrior
  2990 | D        | Killed a stone giant
  2990 | D        | Reached *** piety under Makhleb
  3002 | D        | Hit by a large rock thrown by a stone giant
  3003 | D        | Reached XP level 10. HP: -11/51 MP: 11/11
  3331 | D        | Noticed a merfolk siren
  3331 | D        | Noticed a merfolk aquamancer
  3331 | D        | Noticed a water nymph
  3334 | D        | Killed a water nymph
  3338 | D        | Killed a merfolk aquamancer
  3344 | D        | Slain by a wind drake

Illustrated notes

Levels and vault maps discovered:
D:        linesprint [early_d, line_temple, items_1, d_10, items_2, lair_1,
          lair_end, items_3, orc_1, orc_end, items_4, d_15, swamp_1, shoals_1,
          snake_1, spider_1, d_20, vaults_1, items_5, swamp_end, shoals_end,
          snake_end, spider_end, vaults_end, d_27, items_6, zot_1, zot_end,
          crypt_end, forest_end, elf_end, slime_end, tomb_end, abyss_end,
          pan_hell_end]

Skill      XL: |  1  2  3  4  5  6  7  8  9 10 11 |
---------------+----------------------------------+-----
Dodging        | 5 6 7 8 9 12 14 15 18 | 18.4
Fighting       | 4 5 6 7 9 10 | 10.9
Unarmed Combat | 4 5 7 8 11 13 15 20 21 | 21.6
Stealth        | 1 2 4 5 7 11 14 | 14.6
Evocations     | 1 2 3 6 5 |  6.0
Invocations    | |  0.3

Action                   |  1- 3 |  4- 6 |  7- 9 | 10-12 || total
-------------------------+-------+-------+-------+-------++-------
Melee: Unarmed           |    19 |    22 |    37 |   161 ||   239
       Bite              |       |     2 |     5 |    27 ||    34
       Punch             |       |       |     1 |    12 ||    13
Invok: Berserk           |     2 |     2 |     2 |     6 ||    12
       Brothers in Arms  |       |       |       |     2 ||     2
       Minor Destruction |       |       |       |     1 ||     1
 Abil: Evoke Berserk Rag |       |       |       |     3 ||     3
Evoke: Wand              |       |     3 |     1 |     6 ||    10
  Use: Potion            |       |       |       |     1 ||     1
 Stab: Sleeping          |     1 |       |       |     8 ||     9
       Invisible         |       |       |       |     6 ||     6
Armor: Skin              |       |       |     1 |     2 ||     3
Dodge: Dodged            |    12 |    32 |    31 |    96 ||   171

Table legend: (Time is in decaauts)
 A = Elapsed time spent in this place.
 B = Non-inter-level travel time spent in this place.
 C = Inter-level travel time spent in this place.
 D = Time resting spent in this place.
 E = Time spent auto-exploring this place.
 F = Levels seen in this place.
 G = Mean time per level.
                   A        B        C        D        E       F      G
               +--------+--------+--------+--------+--------+-----+--------+
         Total |   3191 |   2752 |    439 |   1670 |    466 |   1 | 3191.0 |
       Dungeon |   3191 |   2752 |    439 |   1670 |    466 |   1 | 3191.0 |
               +--------+--------+--------+--------+--------+-----+--------+

Top non-repeatable levels by time:
       D: 3191 daAuts
